 Dungeon Crawl Stone Soup version 0.25-a0-1024-gbfbf38f2cb (webtiles) character file.

Game seed: 5376593916718332923, levelgen mode: classic

27 Amnesiac the Cutter (level 2, 0/18 HPs)
             Began as a Deep Elf Fighter on May 12, 2020.
             Slain by a worm (7 damage)
             ... on level 2 of the Dungeon.
             The game lasted 00:01:35 (922 turns).

Amnesiac the Cutter (Deep Elf Fighter)               Turns: 922, Time: 00:01:35

Health: 0/18       AC:  9    Str: 13    XL:     2   Next: 93%
Magic:  4/4        EV:  6    Int: 12    God:
Gold:   59         SH:  8    Dex: 14    Spells: 1/1 levels left

rFire    . . .     SeeInvis .   a - +0 rapier
rCold    . . .     Gourm    .   c - +0 kite shield
rNeg     . . .     Faith    .   b - +0 scale mail
rPois    .         Spirit   .   (no helmet)
rElec    .         Reflect  .   (no cloak)
rCorr    .         Harm     .   (no gloves)
MR       .....                  h - +2 pair of boots
Stlth    ..........             (no amulet)
HPRegen  0.06/turn              (no ring)
MPRegen  0.09/turn              (no ring)

@: no status effects
A: no striking features
a: no special abilities


You were on level 2 of the Dungeon.
You were not hungry.

You visited 1 branch of the dungeon, and saw 2 of its levels.

You collected 59 gold pieces.

Inventory:

Hand Weapons
 a - a +0 rapier (weapon)
Missiles
 g - 4 boomerangs
 k - 14 stones (quivered)
Armour
 b - a +0 scale mail (worn)
 c - a +0 kite shield (worn)
 h - a +2 pair of boots (worn)
Scrolls
 e - 2 scrolls of remove curse {!r, unknown}
 i - 3 scrolls of magic mapping {!r, unknown}
 j - 2 scrolls of identify {!r, unknown}
Potions
 d - a potion of might {!q}
 l - a potion of cancellation {!q, unknown}
 m - a potion of resistance {!q, unknown}
 n - a potion of berserk rage {!q, unknown}
Comestibles
 f - 5 rations


   Skills:
 - Level 2.4 Fighting
 + Level 3.5 Short Blades
 - Level 2.4 Armour
 - Level 2.4 Shields


You had one spell level left.
You didn't know any spells.
Your spell library was empty.

Dungeon Overview and Level Annotations

Branches:
Dungeon (2/15)

Altars:
Zin

Annotations:
D:2 exclusion: angel


Message History

A worm comes into view.
Throwing (i - inventory. (/) - cycle)
k - 21 stones (quivered)
Press: ? - help, Shift-Dir - straight line, f - worm
Aim: a worm You throw a stone.
The stone hits the worm.
The worm is lightly wounded.
A worm is nearby!
A worm is nearby!
Throwing (i - inventory. (/) - cycle)
k - 20 stones (quivered)
Press: ? - help, Shift-Dir - straight line, f/p - worm
Aim: a worm (lightly wounded)
You throw a stone.
The stone hits the worm but does no damage.
The worm is lightly wounded.
A worm is nearby!
Throwing (i - inventory. (/) - cycle)
k - 19 stones (quivered)
Press: ? - help, Shift-Dir - straight line, f/p - worm
Aim: a worm (lightly wounded)
You throw a stone.
The stone hits the worm but does no damage.
The worm is lightly wounded.
Throwing (i - inventory. (/) - cycle)
k - 18 stones (quivered)
Press: ? - help, Shift-Dir - straight line, f/p - worm
Aim: a worm You throw a stone.
The stone hits the worm but does no damage.
Throwing (i - inventory. (/) - cycle)
k - 17 stones (quivered)
Press: ? - help, Shift-Dir - straight line, f/p - worm
Aim: a worm You throw a stone.
The stone hits the worm but does no damage.
Throwing (i - inventory. (/) - cycle)
k - 16 stones (quivered)
Press: ? - help, Shift-Dir - straight line, f/p - worm
Aim: a worm You throw a stone.
The stone hits the worm.
The worm is lightly wounded.
Throwing (i - inventory. (/) - cycle)
k - 15 stones (quivered)
Press: ? - help, Shift-Dir - straight line, f/p - worm
Aim: a worm You throw a stone.
The stone hits the worm but does no damage.
You hit the worm.
The worm is lightly wounded.
The worm bites you but does no damage.
You hit the worm.
The worm is moderately wounded.
You hit the worm.
The worm is moderately wounded.
The worm bites you!
Ouch! That really hurt!
* * * LOW HITPOINT WARNING * * *
You hit the worm.
The worm is moderately wounded.
You block the worm's attack.
You hit the worm.
The worm is heavily wounded.
You hit the worm.
The worm is severely wounded.
The worm bites you.
* * * LOW HITPOINT WARNING * * *
You barely miss the worm.
The worm is heavily wounded.
The worm bites you!
You die...

### ....#
#(#.# #(#.# #
#(#.# #..(#.#
#.#(#.#
#..w#.#
#@#.###
#..)..#
#.....#
#.##### #.#
########.#
........#
##.####<#####
#..........#


You could see a worm.

Vanquished Creatures
  An ooze (D:1)
  A dart slug (D:1)
  A leopard gecko (D:1)
  A ball python (D:1)
  A bat (D:1)
  3 giant cockroaches (D:1)
  3 goblins (D:1)
  2 hobgoblins (D:1)
  2 kobolds (D:1)
  A frilled lizard (D:1)
  A rat (D:1)
17 creatures vanquished.

Notes
Turn   | Place    | Note
-------+----------+-------------------------------------------
     0 | D:1      | Amnesiac the Deep Elf Fighter began the quest for the Orb.
     0 | D:1      | Reached XP level 1. HP: 13/13 MP: 3/3
    86 | D:1      | Reached XP level 2. HP: 18/18 MP: 4/4
   145 | D:2      | Noticed an angel
   146 | D:2      | Found a glowing silver altar of Zin.
   183 | D:1      | Reached skill level 3 in Short Blades
   922 | D:2      | Slain by a worm

Illustrated notes

Levels and vault maps discovered:
D:1:      roderic_crop_circles_arrival_small, layout_loops_ring
D:2:      layout_basic, zin_angel, nicolae_overflow_hidden_temple,
          lemuel_doored_altar, kennysheep_cluttered_room

Skill      XL: |  1  2 |
---------------+-------+-----
Short Blades   | 3 |  3.5
Fighting       | |  2.4
Armour         | |  2.4
Shields        | |  2.4

Action                   || total
-------------------------++-------
Melee: Rapier            ||    57
Throw: Stone             ||    27
Armor: Scale mail        ||    27
Dodge: Dodged            ||    12
Block: Kite shield       ||    18

Table legend:
 A = Non-vault XP
 B = Vault XP
 C = Vault XP percentage of total XP
 D = Non-vault monster count
 E = Vault monster count
 F = Vault count percentage of total count
                 A         B        C        D         E       F
            +---------+---------+-------+---------+---------+-------
      Total |      39 |       0 |   0.0 |      17 |       0 |   0.0
            +---------+---------+-------+---------+---------+-------
        D:1 |      39 |       0 |   0.0 |      17 |       0 |   0.0
            +---------+---------+-------+---------+---------+-------
